[Event "EYCC Girls-U18 2019"]
[Site "Bratislava"]
[Date "2019.08.07"]
[Round "6.1"]
[White "Badelka, Olga"]
[Black "Sliwicka, Alicja"]
[Result "1-0"]
[ECO "D32"]
[WhiteElo "2386"]
[BlackElo "2261"]
[Annotator "NA"]
[PlyCount "143"]
[EventDate "2019.08.02"]
[EventType "swiss"]
[EventCountry "SVK"]
[SourceTitle "playchess.com"]
[Source "ChessBase"]
[SourceQuality "1"]
[TimeControl "40/5400+30:1800+30"]

1. Nf3 d5 2. c4 e6 3. d4 c5 4. cxd5 exd5 5. Nc3 Nc6 6. dxc5 d4 7. Na4 Bxc5 8. Nxc5 Qa5+ 9. Bd2 Qxc5 10. g3 Nf6 11. Bg2 O-O 12. O-O Be6 13. Rc1 Qb5 14. a4 Qb3 15. Qxb3 Bxb3 16. a5 a6 17. Bg5 Ne4 18. Bf4 f6 19. Bc7 Rf7 20. Bb6 Rd7 21. Bh3 Re7 22. Nxd4 Nxd4 23. Bxd4 Nd2 24. Rfe1 Rae8 25. Bc3 Nc4 26. Bb4 Re4 27. Bg2 Rd4 28. Bxb7 Rb8 29. Bc3 Rd6 30. Be4 Kf7 31. Bd3 Rd5 32. Ra1 Re8 33. Rec1 Re6 34. Bxf6 Kxf6 35. Rxc4 Bxc4 36. Bxc4 Rd2 37. Bxe6 Kxe6 38. Rc1 Kd7 39. e4 Rxb2 40. Kg2 Rb5 41. Ra1 Ke6 42. f4 g5 43. Kf3 h5 44. fxg5 Rxg5 45. h3 Rb5 46. Kf4 Kf6 47. g4 hxg4 48. hxg4 Rc5 49. Rb1 Rxa5 50. Rb6+ Kf7 51. e5 Ra1 52. Rf6+ Ke7 53. Kf5 a5 54. Ra6 a4 55. Ra7+ Kf8 56. g5 a3 57. Kg6 Ra2 58. e6 Ra1 59. e7+ Ke8 60. Kg7 Ra2 61. g6 Ra1 62. Kg8 Ra2 63. g7 Ra1 64. Kh7 Rh1+ 65. Kg6 Rg1+ 66. Kf6 Rf1+ 67. Ke6 Re1+ 68. Kd5 Rd1+ 69. Kc4 Rc1+ 70. Kd3 Rd1+ 71. Kc2 Rg1 72. g8=Q+ 1-0

[Event "EYCC Girls-U18 2019"]
[Site "Bratislava"]
[Date "2019.08.07"]
[Round "6.2"]
[White "Goltseva, Ekaterina"]
[Black "Cramling Bellon, Anna"]
[Result "1-0"]
[ECO "E10"]
[WhiteElo "2304"]
[BlackElo "2030"]
[Annotator "NA"]
[PlyCount "96"]
[EventDate "2019.08.02"]
[EventType "swiss"]
[EventCountry "SVK"]
[SourceTitle "playchess.com"]
[Source "ChessBase"]
[SourceQuality "1"]
[TimeControl "40/5400+30:1800+30"]

1. d4 Nf6 2. c4 e6 3. Nf3 d5 4. g3 Bb4+ 5. Bd2 Bd6 6. Bg2 c6 7. O-O Nbd7 8. Nc3 O-O 9. Qc2 dxc4 10. Bg5 Qa5 11. e4 e5 12. Qd2 exd4 13. Nxd4 Be5 14. Nf5 Nc5 15. Qe2 Bxf5 16. exf5 Bxc3 17. bxc3 Qxc3 18. Rac1 Qd3 19. Qe7 Ncd7 20. Bxf6 Nxf6 21. Qxb7 c3 22. Rfd1 Qe2 23. Qb3 Rab8 24. Qxc3 Rb2 25. Qf3 Qxf3 26. Bxf3 Rxa2 27. Rxc6 Re8 28. Rc7 a5 29. Ra7 h6 30. Rc1 Re5 31. Rc8+ Re8 32. Rxe8+ Nxe8 33. Ra8 Kf8 34. Bc6 Re2 35. Rxa5 Re1+ 36. Kg2 Ke7 37. Bxe8 Kxe8 38. f6 gxf6 39. Ra8+ Ke7 40. Rh8 Re5 41. Rxh6 Ke6 42. h4 Re4 43. Rh8 Kf5 44. Rg8 Re5 45. h5 Ke4 46. g4 f5 47. h6 fxg4 48. h7 Kd5 1-0

[Event "EYCC Girls-U18 2019"]
[Site "Bratislava"]
[Date "2019.08.07"]
[Round "6.3"]
[White "Sargsyan, Anna M."]
[Black "Afonasieva, Anna"]
[Result "1-0"]
[ECO "D48"]
[WhiteElo "2229"]
[BlackElo "2370"]
[Annotator "NA"]
[PlyCount "83"]
[EventDate "2019.08.02"]
[EventType "swiss"]
[EventCountry "SVK"]
[SourceTitle "playchess.com"]
[Source "ChessBase"]
[SourceQuality "1"]
[TimeControl "40/5400+30:1800+30"]

1. d4 d5 2. c4 c6 3. Nc3 Nf6 4. e3 e6 5. Nf3 Nbd7 6. Bd3 dxc4 7. Bxc4 b5 8. Bd3 a6 9. a4 b4 10. Ne4 c5 11. O-O Bb7 12. Ned2 cxd4 13. exd4 Be7 14. a5 O-O 15. Nc4 Nb8 16. Qe2 Nc6 17. Rd1 h6 18. Bf4 b3 19. Nb6 Ra7 20. Rac1 Bd6 21. Bd2 Bc7 22. Rc5 Qd6 23. Bc3 Ne7 24. Ne5 Ned5 25. Nxd5 Nxd5 26. Bd2 Qe7 27. Rdc1 Bd6 28. Nc6 Bxc6 29. Rxc6 Bf4 30. Qe4 f5 31. Qe2 Qg5 32. Qxe6+ Kh8 33. Rc8 Ra8 34. Rxa8 Rxa8 35. Qxd5 Rd8 36. Bxf4 Rxd5 37. Bxg5 hxg5 38. g4 Rxd4 39. Rc8+ Kh7 40. Bxf5+ g6 41. Rc7+ Kh6 42. Rc6 1-0

[Event "EYCC Girls-U18 2019"]
[Site "Bratislava"]
[Date "2019.08.07"]
[Round "6.4"]
[White "Kucharska, Honorata"]
[Black "Muetsch, Annmarie"]
[Result "1/2-1/2"]
[ECO "B49"]
[WhiteElo "2054"]
[BlackElo "2266"]
[Annotator "NA"]
[PlyCount "75"]
[EventDate "2019.08.02"]
[EventType "swiss"]
[EventCountry "SVK"]
[SourceTitle "playchess.com"]
[Source "ChessBase"]
[SourceQuality "1"]
[TimeControl "40/5400+30:1800+30"]

1. e4 c5 2. Nf3 e6 3. d4 cxd4 4. Nxd4 Nc6 5. Nc3 Qc7 6. Be3 a6 7. Be2 Nf6 8. O-O Be7 9. a3 d6 10. f4 h5 11. Bf3 Na5 12. Bf2 Bd7 13. Re1 Nc4 14. b3 Na5 15. Na2 g6 16. Nb4 Rc8 17. c4 O-O 18. Qd3 e5 19. Ne2 b5 20. Rac1 bxc4 21. bxc4 Nxc4 22. Nc3 Qb7 23. Ncd5 Nxd5 24. Nxd5 Bb5 25. Rb1 Qd7 26. f5 Bd8 27. Rb4 Nb6 28. Rxb5 Qxb5 29. Qxb5 axb5 30. Nxb6 Bxb6 31. Bxb6 Rc3 32. fxg6 fxg6 33. Ba5 Rxa3 34. Bb4 Rd3 35. Rb1 Rd4 36. Bc3 Rc4 37. Bb4 Rd4 38. Bc3 1/2-1/2

[Event "EYCC Girls-U18 2019"]
[Site "Bratislava"]
[Date "2019.08.07"]
[Round "6.5"]
[White "Kochukova, Anna"]
[Black "Beydullayeva, Govhar"]
[Result "1-0"]
[ECO "C77"]
[WhiteElo "2148"]
[BlackElo "2282"]
[Annotator "NA"]
[PlyCount "123"]
[EventDate "2019.08.02"]
[EventType "swiss"]
[EventCountry "SVK"]
[SourceTitle "playchess.com"]
[Source "ChessBase"]
[SourceQuality "1"]
[TimeControl "40/5400+30:1800+30"]

1. e4 e5 2. Nf3 Nc6 3. Bb5 a6 4. Ba4 Nf6 5. d3 d6 6. c3 g6 7. O-O Bg7 8. Nbd2 O-O 9. Re1 b5 10. Bc2 Bb7 11. a4 b4 12. a5 Rb8 13. Bb3 Nd7 14. Nf1 bxc3 15. bxc3 Na7 16. Bg5 Qe8 17. d4 Nb5 18. Rc1 Kh8 19. d5 Nc5 20. Ba2 h6 21. Bh4 Bc8 22. c4 Na7 23. Rb1 Bd7 24. N3d2 g5 25. Bg3 f5 26. exf5 Bxf5 27. Rxb8 Qxb8 28. Bb1 Bxb1 29. Qxb1 Qxb1 30. Rxb1 e4 31. Nb3 Na4 32. Nfd2 Nc3 33. Re1 Rb8 34. f3 exf3 35. gxf3 Bf6 36. Bf2 Nc8 37. Bd4 Kg7 38. Bxf6+ Kxf6 39. Re8 Kf7 40. Rh8 Nb1 41. Rh7+ Ke8 42. Rxc7 Ne7 43. Ra7 Nf5 44. Rxa6 Nxd2 45. Nxd2 Rb2 46. Ne4 Ne3 47. Nxd6+ Kd7 48. Ne4 Rg2+ 49. Kh1 Ra2 50. h4 Nxc4 51. Ra7+ Kc8 52. hxg5 hxg5 53. d6 Kb8 54. Re7 Nxa5 55. Re8+ Kb7 56. d7 Nc6 57. d8=Q Nxd8 58. Rxd8 Kc7 59. Rd2 Ra5 60. Kg2 Re5 61. Kg3 Rf5 62. Rd3 1-0

[Event "EYCC Girls-U18 2019"]
[Site "Bratislava"]
[Date "2019.08.07"]
[Round "6.6"]
[White "Antova, Gabriela"]
[Black "Grigorieva, Yulia"]
[Result "1/2-1/2"]
[ECO "D76"]
[WhiteElo "2257"]
[BlackElo "2096"]
[Annotator "NA"]
[PlyCount "115"]
[EventDate "2019.08.02"]
[EventType "swiss"]
[EventCountry "SVK"]
[SourceTitle "playchess.com"]
[Source "ChessBase"]
[SourceQuality "1"]
[TimeControl "40/5400+30:1800+30"]

1. d4 Nf6 2. c4 g6 3. Nf3 Bg7 4. g3 d5 5. cxd5 O-O 6. Bg2 Nxd5 7. O-O Nb6 8. Nc3 Nc6 9. e3 Re8 10. Nh4 e5 11. d5 Nb4 12. a3 Na6 13. e4 c6 14. Re1 Nc7 15. Qb3 Bf6 16. Nf3 cxd5 17. exd5 Ncxd5 18. Nxd5 Qxd5 19. Qxd5 Nxd5 20. Nxe5 Nb6 21. Nf3 Bf5 22. a4 Nc4 23. Ra2 Bb1 24. Ra1 Bc2 25. Bf1 Bb3 26. Rxe8+ Rxe8 27. Bxc4 Bxc4 28. Be3 Bxb2 29. Rb1 Bd5 30. Rxb2 Bxf3 31. a5 Re5 32. Ra2 b5 33. axb6 axb6 34. Kf1 Rd5 35. Rd2 b5 36. Rxd5 Bxd5 37. Bd2 f6 38. h4 Kf7 39. Ke2 Ke6 40. g4 h5 41. gxh5 gxh5 42. Ke3 Ba2 43. Bc3 Bb3 44. Bd4 Bd1 45. Bc3 Bg4 46. Kd4 Kf5 47. Ke3 Bd1 48. f3 Bb3 49. Bb4 Bd5 50. Bc3 Bc6 51. Bb4 Ke6 52. Bc3 f5 53. f4 Kd5 54. Bf6 Kc4 55. Kd2 Kb3 56. Kc1 Be4 57. Be5 b4 58. Bf6 1/2-1/2

[Event "EYCC Girls-U18 2019"]
[Site "Bratislava"]
[Date "2019.08.07"]
[Round "6.7"]
[White "Nilssen, Ellen Fredericia"]
[Black "Schneider, Jana"]
[Result "1/2-1/2"]
[ECO "D58"]
[WhiteElo "2155"]
[BlackElo "2216"]
[Annotator "NA"]
[PlyCount "76"]
[EventDate "2019.08.02"]
[EventType "swiss"]
[EventCountry "SVK"]
[SourceTitle "playchess.com"]
[Source "ChessBase"]
[SourceQuality "1"]
[TimeControl "40/5400+30:1800+30"]

1. d4 Nf6 2. c4 e6 3. Nf3 d5 4. Nc3 Be7 5. Bg5 h6 6. Bh4 O-O 7. e3 b6 8. Bd3 dxc4 9. Bxc4 Bb7 10. O-O Nbd7 11. Qe2 Ne4 12. Bxe7 Qxe7 13. Nxe4 Bxe4 14. Bd3 Bb7 15. Rac1 c5 16. Bb5 cxd4 17. Rc7 Bc8 18. Nxd4 Qd8 19. Rc2 Ne5 20. f4 Ng6 21. Bc6 Rb8 22. Be4 Ne7 23. Rd1 f5 24. Nxe6 Bxe6 25. Rxd8 Rbxd8 26. Bf3 Bxa2 27. Rc7 Rfe8 28. Qa6 Bd5 29. Qxa7 Bxf3 30. gxf3 Kf8 31. Qxb6 Nd5 32. Qc5+ Kg8 33. Ra7 Nxe3 34. Qc7 Rd1+ 35. Kf2 Rd2+ 36. Ke1 Nc4+ 37. Kf1 Ne3+ 38. Ke1 Nc4+ 1/2-1/2

[Event "EYCC Girls-U18 2019"]
[Site "Bratislava"]
[Date "2019.08.07"]
[Round "6.8"]
[White "Radeva, Viktoria"]
[Black "Ferkova, Dominika"]
[Result "1-0"]
[ECO "B12"]
[WhiteElo "2247"]
[BlackElo "2009"]
[Annotator "NA"]
[PlyCount "81"]
[EventDate "2019.08.02"]
[EventType "swiss"]
[EventCountry "SVK"]
[SourceTitle "playchess.com"]
[Source "ChessBase"]
[SourceQuality "1"]
[TimeControl "40/5400+30:1800+30"]

1. e4 c6 2. d4 d5 3. e5 Bf5 4. Nc3 e6 5. g4 Bg6 6. Nge2 c5 7. h4 h5 8. Nf4 Bh7 9. g5 Bf5 10. dxc5 Qc7 11. Bb5+ Nc6 12. Be3 Qxe5 13. Nfe2 Bg4 14. Qd4 Qxd4 15. Nxd4 Nge7 16. f3 Bf5 17. O-O-O Bg6 18. Bf4 O-O-O 19. Nxc6 Nxc6 20. Na4 f6 21. Rhg1 Bf7 22. c3 e5 23. Be3 Be6 24. b4 f5 25. Nb2 g6 26. Ba4 Bg7 27. Bb3 Rhe8 28. Bf2 e4 29. Kc2 f4 30. b5 Na5 31. Bd4 Bxd4 32. Rxd4 Nxb3 33. Kxb3 Rf8 34. Kb4 exf3 35. Nd3 Bh3 36. c6 bxc6 37. bxc6 Rfe8 38. Kc5 Re3 39. Rb1 Bf5 40. Rdb4 Rxd3 41. Rb8+ 1-0

[Event "EYCC Girls-U18 2019"]
[Site "Bratislava"]
[Date "2019.08.07"]
[Round "6.9"]
[White "Nestorovic, Katarina"]
[Black "Redondo Benavente, Ana"]
[Result "1/2-1/2"]
[ECO "C24"]
[WhiteElo "2179"]
[BlackElo "2176"]
[Annotator "NA"]
[PlyCount "104"]
[EventDate "2019.08.02"]
[EventType "swiss"]
[EventCountry "SVK"]
[SourceTitle "playchess.com"]
[Source "ChessBase"]
[SourceQuality "1"]
[TimeControl "40/5400+30:1800+30"]

1. e4 e5 2. Bc4 Nf6 3. d3 Bc5 4. Nc3 O-O 5. f4 d5 6. Nxd5 Be6 7. Nxf6+ Qxf6 8. Bxe6 fxe6 9. Nf3 exf4 10. e5 Qf5 11. Qe2 Nc6 12. c3 Rad8 13. d4 Bb6 14. Bd2 a5 15. a4 Ne7 16. O-O-O c6 17. Rdf1 Nd5 18. g3 c5 19. gxf4 cxd4 20. c4 Nxf4 21. Bxf4 Qxf4+ 22. Nd2 d3 23. Qh5 Qd4 24. Rf3 Rxf3 25. Qxf3 Qf2 26. Qxf2 Bxf2 27. Rf1 Be3 28. Re1 Bh6 29. Kd1 Rf8 30. Ne4 Rf5 31. b3 Rxe5 32. Nd6 Rxe1+ 33. Kxe1 b6 34. c5 bxc5 35. Nb7 Be3 36. Nxa5 Bf4 37. Nc6 Bxh2 38. a5 c4 39. bxc4 Bg1 40. a6 Kf7 41. Kd2 h5 42. Kxd3 Bc5 43. a7 Bxa7 44. Nxa7 Ke7 45. Kd4 h4 46. Nc6+ Kd6 47. Ne5 h3 48. c5+ Kc7 49. Ng4 Kc6 50. Ne5+ Kc7 51. Ng4 Kc6 52. Ne5+ Kc7 1/2-1/2

[Event "EYCC Girls-U18 2019"]
[Site "Bratislava"]
[Date "2019.08.07"]
[Round "6.10"]
[White "Sibajeva, Marija"]
[Black "Ziegenfuss, Antonia"]
[Result "1-0"]
[ECO "B29"]
[WhiteElo "2031"]
[BlackElo "2063"]
[Annotator "NA"]
[PlyCount "69"]
[EventDate "2019.08.02"]
[EventType "swiss"]
[EventCountry "SVK"]
[SourceTitle "playchess.com"]
[Source "ChessBase"]
[SourceQuality "1"]
[TimeControl "40/5400+30:1800+30"]

1. e4 c5 2. Nf3 Nf6 3. e5 Nd5 4. Nc3 Nxc3 5. dxc3 Nc6 6. Be3 e6 7. Bb5 Qb6 8. Bxc6 Qxc6 9. O-O b6 10. Nd2 Bb7 11. f3 Ba6 12. c4 h6 13. f4 Bb7 14. Qe2 Be7 15. a4 O-O-O 16. a5 f5 17. exf6 gxf6 18. axb6 axb6 19. Nf3 Rdg8 20. Rf2 Rg7 21. f5 exf5 22. Nh4 Rhg8 23. Kf1 Bd6 24. Qd2 Bf8 25. Bxh6 Rg4 26. Bxf8 Rxh4 27. Qd6 Rhg4 28. Re2 Qxd6 29. Bxd6 Bxg2+ 30. Ke1 Kb7 31. Re7 Kc6 32. Ra7 Re4+ 33. Rxe4 Bxe4 34. Bg3 Bxc2 35. Rc7# {[%emt 0:00:08] Kd5} 1-0

[Event "EYCC Girls-U18 2019"]
[Site "Bratislava"]
[Date "2019.08.07"]
[Round "6.11"]
[White "Palma, Maria"]
[Black "Olde, Grete"]
[Result "1-0"]
[ECO "D37"]
[WhiteElo "2137"]
[BlackElo "1955"]
[Annotator "NA"]
[PlyCount "145"]
[EventDate "2019.08.02"]
[EventType "swiss"]
[EventCountry "SVK"]
[SourceTitle "playchess.com"]
[Source "ChessBase"]
[SourceQuality "1"]
[TimeControl "40/5400+30:1800+30"]

1. d4 d5 2. c4 e6 3. Nc3 Be7 4. Nf3 Nf6 5. Bf4 O-O 6. e3 b6 7. Rc1 c5 8. Bd3 Bb7 9. cxd5 exd5 10. O-O Nbd7 11. Ne5 Re8 12. Qf3 a6 13. Rfd1 Nf8 14. g4 Ng6 15. Bg3 Rf8 16. Bf5 cxd4 17. exd4 Bb4 18. g5 Bxc3 19. gxf6 Bb4 20. Nd7 Re8 21. Bc7 Qc8 22. Nxb6 Nh4 23. Qg4 Nxf5 24. Nxc8 Bxc8 25. Be5 g6 26. Qf3 Nh4 27. Qf4 Nf5 28. Rc7 Bf8 29. Qf3 Be6 30. Bf4 Nh4 31. Qg3 Nf5 32. Qc3 Nh4 33. f3 Bh3 34. Kf2 Rab8 35. a3 Ng2 36. Be5 Bh6 37. Kg3 Ne3 38. Rd3 Nc4 39. Rxc4 dxc4 40. Bxb8 cxd3 41. Qxd3 Bf5 42. Qb3 Rc8 43. Bf4 Bf8 44. d5 h6 45. d6 g5 46. Be5 Be6 47. Qe3 Rc6 48. h4 Bxd6 49. hxg5 Bxe5+ 50. Qxe5 hxg5 51. Qb8+ Rc8 52. Qb7 a5 53. Qb5 Kh7 54. Qxa5 Kg6 55. Qe5 Rc4 56. b3 Rh4 57. b4 Rh3+ 58. Kf2 g4 59. fxg4 Rxa3 60. g5 Rb3 61. Qc5 Bf5 62. b5 Kxg5 63. b6 Kg6 64. Qc7 Be4 65. Qc4 Rf3+ 66. Ke2 Kf5 67. Qxf7 Rf4 68. b7 Bxb7 69. Qxb7 Kxf6 70. Ke3 Rf5 71. Qd7 Ke5 72. Qe7+ Kd5 73. Qe4+ 1-0

[Event "EYCC Girls-U18 2019"]
[Site "Bratislava"]
[Date "2019.08.07"]
[Round "6.12"]
[White "Grigoryan, Arpine"]
[Black "Koubova, Anna Marie"]
[Result "1/2-1/2"]
[ECO "B31"]
[WhiteElo "1996"]
[BlackElo "2094"]
[Annotator "NA"]
[PlyCount "67"]
[EventDate "2019.08.02"]
[EventType "swiss"]
[EventCountry "SVK"]
[SourceTitle "playchess.com"]
[Source "ChessBase"]
[SourceQuality "1"]
[TimeControl "40/5400+30:1800+30"]

1. e4 c5 2. Nf3 Nc6 3. Bb5 g6 4. Bxc6 bxc6 5. O-O Bg7 6. Re1 Nh6 7. c3 O-O 8. d4 cxd4 9. cxd4 d5 10. e5 f6 11. exf6 exf6 12. Nbd2 Bg4 13. h3 Bf5 14. Nb3 Re8 15. Rxe8+ Qxe8 16. Be3 Be4 17. Rc1 Nf5 18. Rc3 Bf8 19. a3 Qd7 20. Nh2 h5 21. Bd2 Ng7 22. Bh6 Bd6 23. Bxg7 Kxg7 24. Nf1 a5 25. Ng3 Qb7 26. Nxe4 dxe4 27. Qc2 Rb8 28. Qxe4 a4 29. Nc1 Qxb2 30. Rxc6 Rb6 31. Rc8 Rb8 32. Rc6 Rb6 33. Rc8 Rb8 34. Rc6 1/2-1/2

[Event "EYCC Girls-U18 2019"]
[Site "Bratislava"]
[Date "2019.08.07"]
[Round "6.13"]
[White "Gajcin, Marina"]
[Black "Chrysogelou, Athanasia-Panagiota"]
[Result "1-0"]
[ECO "B40"]
[WhiteElo "2267"]
[BlackElo "1770"]
[Annotator "NA"]
[PlyCount "77"]
[EventDate "2019.08.02"]
[EventType "swiss"]
[EventCountry "SVK"]
[SourceTitle "playchess.com"]
[Source "ChessBase"]
[SourceQuality "1"]
[TimeControl "40/5400+30:1800+30"]

1. e4 c5 2. Nf3 e6 3. c3 Nf6 4. Bd3 Nc6 5. O-O Be7 6. Bc2 O-O 7. Re1 Qc7 8. d4 cxd4 9. cxd4 Nb4 10. Bb3 d6 11. a3 Nc6 12. Nc3 e5 13. d5 Na5 14. Ba2 b6 15. h3 Nb7 16. Be3 Nc5 17. Rc1 Qd8 18. Bb1 Bd7 19. b4 Nb7 20. Qb3 h6 21. Bd3 a6 22. Na4 b5 23. Nb6 Rb8 24. Nxd7 Qxd7 25. Rc6 Ra8 26. Rec1 Ne8 27. Qc2 Bd8 28. Nd2 Bg5 29. Bxg5 hxg5 30. Be2 g6 31. Qd3 Nd8 32. R6c3 f5 33. Qe3 Qe7 34. Qb6 Rf7 35. Rc8 Rxc8 36. Rxc8 Nb7 37. Qxa6 Qd7 38. Qc6 Kf8 39. Bxb5 1-0

[Event "EYCC Girls-U18 2019"]
[Site "Bratislava"]
[Date "2019.08.07"]
[Round "6.14"]
[White "Nazarova, Anastasia"]
[Black "Koljevic, Nikolina"]
[Result "1-0"]
[ECO "B33"]
[WhiteElo "2149"]
[BlackElo "1960"]
[Annotator "NA"]
[PlyCount "43"]
[EventDate "2019.08.02"]
[EventType "swiss"]
[EventCountry "SVK"]
[SourceTitle "playchess.com"]
[Source "ChessBase"]
[SourceQuality "1"]
[TimeControl "40/5400+30:1800+30"]

1. e4 c5 2. Nf3 Nc6 3. d4 cxd4 4. Nxd4 Nf6 5. Nc3 e6 6. Ndb5 Bb4 7. a3 Bxc3+ 8. Nxc3 d5 9. exd5 exd5 10. Bd3 O-O 11. O-O d4 12. Ne2 Bg4 13. Bg5 Qd6 14. Qd2 Rfe8 15. Bf4 Qd7 16. Ng3 Rac8 17. h3 Be6 18. Rfe1 a6 19. b4 Ne7 20. Be5 Ng6 21. Bxf6 gxf6 22. Nh5 1-0

[Event "EYCC Girls-U18 2019"]
[Site "Bratislava"]
[Date "2019.08.07"]
[Round "6.15"]
[White "Represa Perez, Mireya"]
[Black "Golub, Nikolina"]
[Result "1-0"]
[ECO "B53"]
[WhiteElo "2017"]
[BlackElo "1856"]
[Annotator "NA"]
[PlyCount "107"]
[EventDate "2019.08.02"]
[EventType "swiss"]
[EventCountry "SVK"]
[SourceTitle "playchess.com"]
[Source "ChessBase"]
[SourceQuality "1"]
[TimeControl "40/5400+30:1800+30"]

1. e4 c5 2. Nf3 d6 3. d4 cxd4 4. Qxd4 Nc6 5. Bb5 a6 6. Bxc6+ bxc6 7. O-O e5 8. Qd3 Qc7 9. Rd1 Nf6 10. c4 Be7 11. Nc3 O-O 12. b3 Be6 13. Bb2 Rfd8 14. Rac1 Nd7 15. Qe2 Qa5 16. Na4 Qc7 17. Ba3 f6 18. Nh4 g6 19. Rc3 Nb6 20. Nxb6 Qxb6 21. Rg3 Kf7 22. Nf5 Bxf5 23. exf5 Qa5 24. Bc1 d5 25. Rh3 gxf5 26. Rxh7+ Ke6 27. Qh5 Re8 28. Bd2 Qc5 29. cxd5+ cxd5 30. Qf7+ Kd6 31. Rc1 Qd4 32. Be3 Rac8 33. g3 Rxc1+ 34. Bxc1 Qd1+ 35. Kg2 Qxc1 36. Qxe8 Qc7 37. Qxe7+ Qxe7 38. Rxe7 Kxe7 39. Kf3 d4 40. Ke2 e4 41. h4 Kf7 42. b4 Kg6 43. a4 Kh5 44. b5 axb5 45. axb5 f4 46. gxf4 Kxh4 47. b6 Kg4 48. b7 Kxf4 49. b8=Q+ Kg4 50. Qd6 d3+ 51. Ke3 f5 52. Qg6+ Kh4 53. Kf4 d2 54. Qh6# 1-0

[Event "EYCC Girls-U18 2019"]
[Site "Bratislava"]
[Date "2019.08.07"]
[Round "6.16"]
[White "Verbin, Valentina"]
[Black "Urh, Zala"]
[Result "1-0"]
[ECO "C88"]
[WhiteElo "1958"]
[BlackElo "2072"]
[Annotator "NA"]
[PlyCount "79"]
[EventDate "2019.08.02"]
[EventType "swiss"]
[EventCountry "SVK"]
[SourceTitle "playchess.com"]
[Source "ChessBase"]
[SourceQuality "1"]
[TimeControl "40/5400+30:1800+30"]

1. e4 e5 2. Nf3 Nc6 3. Bb5 a6 4. Ba4 Nf6 5. O-O Be7 6. Re1 b5 7. Bb3 O-O 8. a4 b4 9. d4 d6 10. c3 bxc3 11. bxc3 Bg4 12. Be3 Rb8 13. Nbd2 Na5 14. Bc2 c5 15. h3 Bxf3 16. Nxf3 Qc7 17. dxe5 dxe5 18. Nh4 Rfd8 19. Qf3 Rb2 20. Rac1 Ne8 21. Nf5 Bf8 22. Bg5 f6 23. Bh4 c4 24. Ne3 Qf7 25. Rcd1 Rxd1 26. Bxd1 Qd7 27. Be2 Qd2 28. Kf1 Qxc3 29. Qg4 Bb4 30. Rd1 Rd2 31. Rxd2 Qxd2 32. Kg1 c3 33. Qc8 Kf7 34. Bc4+ Kf8 35. Bd5 c2 36. Nxc2 Qc3 37. Qe6 Nd6 38. Qg8+ Ke7 39. Qxg7+ Ke8 40. Bxf6 1-0

[Event "EYCC Girls-U18 2019"]
[Site "Bratislava"]
[Date "2019.08.07"]
[Round "6.17"]
[White "Maksimovic, Masa"]
[Black "Kostecka, Marika"]
[Result "1/2-1/2"]
[ECO "B90"]
[WhiteElo "2102"]
[BlackElo "1924"]
[Annotator "NA"]
[PlyCount "112"]
[EventDate "2019.08.02"]
[EventType "swiss"]
[EventCountry "SVK"]
[SourceTitle "playchess.com"]
[Source "ChessBase"]
[SourceQuality "1"]
[TimeControl "40/5400+30:1800+30"]

1. e4 c5 2. Nf3 d6 3. d4 cxd4 4. Nxd4 Nf6 5. Nc3 a6 6. h3 e5 7. Nde2 b5 8. Ng3 Nbd7 9. a4 Qa5 10. Be3 b4 11. Nd5 Nxd5 12. Qxd5 Qxd5 13. exd5 f5 14. Nxf5 Nf6 15. Ng3 Nxd5 16. Bd2 Be7 17. a5 Rb8 18. Bc4 Nc7 19. O-O d5 20. Bb3 O-O 21. f4 Bc5+ 22. Kh1 Bd4 23. Rab1 Be6 24. Ne2 Bf5 25. Be1 Rb5 26. Nxd4 exd4 27. Rd1 Ne6 28. Kg1 Be4 29. g3 g5 30. fxg5 Nxg5 31. Rxf8+ Kxf8 32. h4 Nf3+ 33. Kf2 Kg7 34. Bd2 Kf6 35. Bh6 Rxa5 36. Rf1 Kf5 37. Bf8 Rb5 38. Ra1 a5 39. Bd6 Ne5 40. Ba4 Rb7 41. Bb3 Nc6 42. Rf1 Ne5 43. Ra1 Ng4+ 44. Ke2 Ne3 45. Kd2 Rb6 46. Bc5 Rc6 47. Rxa5 Kg4 48. Bxd4 Bxc2 49. Kxe3 Bxb3 50. Ra7 Re6+ 51. Kf2 Bc2 52. Rc7 Bd3 53. Be3 Rf6+ 54. Bf4 Re6 55. Be3 Rf6+ 56. Bf4 Re6 1/2-1/2

[Event "EYCC Girls-U18 2019"]
[Site "Bratislava"]
[Date "2019.08.07"]
[Round "6.18"]
[White "Rudzinska, Michalina"]
[Black "Kocyigit, Buse Naz"]
[Result "1-0"]
[ECO "B97"]
[WhiteElo "2143"]
[BlackElo "2045"]
[Annotator "NA"]
[PlyCount "121"]
[EventDate "2019.08.02"]
[EventType "swiss"]
[EventCountry "SVK"]
[SourceTitle "playchess.com"]
[Source "ChessBase"]
[SourceQuality "1"]
[TimeControl "40/5400+30:1800+30"]

1. e4 c5 2. Nf3 d6 3. d4 cxd4 4. Nxd4 Nf6 5. Nc3 a6 6. Bg5 e6 7. f4 Qb6 8. a3 Be7 9. e5 dxe5 10. fxe5 Nd5 11. Bxe7 Nxe7 12. Qd2 Nbc6 13. Nxc6 Nxc6 14. O-O-O Nxe5 15. Qg5 Ng6 16. Bd3 O-O 17. Bxg6 fxg6 18. Qe7 e5 19. Qxe5 Bg4 20. Rd6 Qf2 21. Qd5+ Kh8 22. h3 Bf5 23. Qd2 Qxd2+ 24. Rxd2 Rad8 25. Rxd8 Rxd8 26. g4 Be6 27. Na4 g5 28. Re1 Re8 29. Nc5 Bd7 30. Rxe8+ Bxe8 31. Nxb7 Bb5 32. Nd6 Bf1 33. Nf7+ Kg8 34. Nxg5 h6 35. Ne4 Bxh3 36. Nf2 Bg2 37. Kd2 Kf7 38. Ke3 Kf6 39. Kf4 g5+ 40. Ke3 Ke5 41. Nd3+ Kd6 42. Kd4 Bd5 43. c4 Be6 44. Ne5 a5 45. b4 axb4 46. axb4 Bg8 47. c5+ Kc7 48. b5 Be6 49. Kc3 Bd5 50. Nd3 Bf3 51. Ne5 Be2 52. b6+ Kb7 53. Kd2 Bf1 54. Ke3 Bg2 55. Nf7 Kc6 56. Kd4 Kb7 57. Nxh6 Bf3 58. Ke3 Bd1 59. Ke4 Kc6 60. Nf7 Bb3 61. Nd8+ {[%emt 0:01:38] Kd5+} 1-0

[Event "EYCC Girls-U18 2019"]
[Site "Bratislava"]
[Date "2019.08.07"]
[Round "6.19"]
[White "Nastase, Andreea-Cristina"]
[Black "Ciocan, Maria-Alexandra"]
[Result "1-0"]
[ECO "C16"]
[WhiteElo "1948"]
[BlackElo "2062"]
[Annotator "NA"]
[PlyCount "91"]
[EventDate "2019.08.02"]
[EventType "swiss"]
[EventCountry "SVK"]
[SourceTitle "playchess.com"]
[Source "ChessBase"]
[SourceQuality "1"]
[TimeControl "40/5400+30:1800+30"]

1. e4 e6 2. d4 d5 3. Nc3 Bb4 4. e5 b6 5. a3 Bf8 6. Nce2 c5 7. c3 Ne7 8. Ng3 Nec6 9. f4 Be7 10. Nf3 Qd7 11. Bd3 cxd4 12. cxd4 Ba6 13. O-O Na5 14. f5 Bxd3 15. Qxd3 Nbc6 16. fxe6 fxe6 17. Be3 Nc4 18. b4 O-O-O 19. Nd2 Nxe3 20. Qxe3 Kb8 21. Nb3 Rc8 22. Ne2 Rhf8 23. Qd3 g6 24. b5 Rxf1+ 25. Rxf1 Nd8 26. a4 Rc4 27. Ra1 Nb7 28. Qh3 Bb4 29. Rc1 Qc8 30. Qxh7 Bd2 31. Rxc4 Be3+ 32. Kh1 dxc4 33. Na1 Qf8 34. h4 Nd8 35. Qd7 Qh8 36. g3 g5 37. Nc2 Bd2 38. d5 gxh4 39. g4 Qf8 40. Ncd4 Qf1+ 41. Ng1 Qf8 42. d6 Nb7 43. Qc7+ Ka8 44. Nc6 c3 45. d7 Bg5 46. Qc8+ 1-0

[Event "EYCC Girls-U18 2019"]
[Site "Bratislava"]
[Date "2019.08.07"]
[Round "6.20"]
[White "Hryshchenko, Kamila"]
[Black "Buchta, Agnieszka"]
[Result "1/2-1/2"]
[ECO "C96"]
[WhiteElo "2060"]
[BlackElo "1818"]
[Annotator "NA"]
[PlyCount "82"]
[EventDate "2019.08.02"]
[EventType "swiss"]
[EventCountry "SVK"]
[SourceTitle "playchess.com"]
[Source "ChessBase"]
[SourceQuality "1"]
[TimeControl "40/5400+30:1800+30"]

1. e4 e5 2. Nf3 Nc6 3. Bb5 a6 4. Ba4 Nf6 5. O-O b5 6. Bb3 Be7 7. Re1 d6 8. c3 O-O 9. h3 Na5 10. Bc2 c5 11. d4 Nd7 12. Nbd2 exd4 13. cxd4 Nc6 14. d5 Nce5 15. Nxe5 Nxe5 16. f4 Ng6 17. Nf3 f5 18. e5 Bb7 19. e6 Ra7 20. b4 Bf6 21. Rb1 Ne7 22. bxc5 Nxd5 23. cxd6 Qxd6 24. Be3 Raa8 25. Bxf5 Be7 26. Be4 Nxe3 27. Qxd6 Bxd6 28. Bxb7 Ra7 29. Kh1 Rxb7 30. Rxe3 Bxf4 31. Re4 Re7 32. Rd1 Bg3 33. Nd4 g6 34. Nc6 Rc7 35. Nb4 Rc4 36. Rxc4 bxc4 37. Nd5 Kg7 38. Kg1 Re8 39. e7 Bh4 40. Rc1 Bxe7 41. Rxc4 Bd6 1/2-1/2